 Dungeon Crawl Stone Soup version 0.21.0-3-g78d12a8 (webtiles) character file.

13590 xorpalm the Infuser (level 11, -17/92 HPs)
             Began as a Purple Draconian Skald on Jan 17, 2018.
             Was a Priest of the Shining One.
             Demolished by an ice devil (34 damage)
             ... summoned by a kobold demonologist
             ... on level 12 of the Dungeon.
             The game lasted 00:30:13 (21511 turns).

xorpalm the Infuser (Purple Draconian Skald)       Turns: 21511, Time: 00:30:14

Health: -17/92     AC:  8    Str: 15    XL:     11   Next: 77%
Magic:  22/22      EV: 13    Int: 16    God:    the Shining One [***...]
Gold:   726        SH:  8    Dex:  8    Spells: 18/25 levels left

rFire    + + .     SeeInvis +   J - +3 trident (venom)
rCold    x . .     Gourm    .   q - +3 buckler
rNeg     + . .     Faith    .   (armour unavailable)
rPois    .         Spirit   .   (helmet restricted)
rElec    .         Reflect  .   (no cloak)
rCorr    .         Harm     .   (no gloves)
MR       +....                  n - +0 pair of boots
Stlth    +.........             (no amulet)
HPRegen  0.25/turn              g - ring of see invisible
MPRegen  0.18/turn              u - ring of fire

@: glowing
A: breathe power, unfitting armour, clumsy 1, fire resistance 1, wild magic 1,
cold-blooded, AC +7
a: Breathe Dispelling Energy, Divine Shield, Renounce Religion


You were on level 12 of the Dungeon.
You worshipped the Shining One.
The Shining One was most pleased with you.
You were near starving.

You visited 2 branches of the dungeon, and saw 13 of its levels.

You collected 726 gold pieces.

Inventory:

Hand Weapons
 a - a +0 spear
 e - a +2 spear of piercing
 f - a -1 halberd of venom
 t - a +4 spear
 w - a +0 quarterstaff
 D - a +1 trident
 J - a +3 trident of venom (weapon)
Missiles
 o - 2 javelins (quivered)
Armour
 h - a +2 shield
 n - a +0 pair of boots (worn)
 q - a +3 buckler (worn)
Jewellery
 d - an uncursed ring of positive energy
 g - a ring of see invisible (left hand)
 j - an uncursed ring of protection from magic
 u - a ring of fire (right hand)
 B - an uncursed ring of protection from magic
 F - an uncursed ring of stealth {unknown}
Wands
 y - a wand of polymorph (16)
 C - a wand of enslavement (9)
 I - a wand of paralysis (18)
Scrolls
 k - 6 scrolls of teleportation
 l - a scroll of random uselessness
 r - 4 scrolls of enchant weapon
 z - 6 scrolls of identify
 H - 2 scrolls of remove curse
Potions
 i - 2 potions of cancellation
 m - 4 potions of curing
 p - a potion of agility {unknown}
 s - a potion of might
 A - a potion of haste
 E - a potion of flight {unknown}
 G - a potion of magic {unknown}
Books
 b - a book of Battle

   Spells                             Type                      Level
   a - Infusion                       Charms                       1
   b - Shroud of Golubria             Charms/Translocation         2
   c - Song of Slaying                Charms                       2
   d - Spectral Weapon                Hexes/Charms                 3
   e - Regeneration                   Charms/Necromancy            3
 x - a book of Callings

   Spells                             Type                      Level
   a - Summon Small Mammal            Summoning                    1
   b - Call Imp                       Summoning                    2
   c - Call Canine Familiar           Summoning                    3
   d - Summon Guardian Golem          Hexes/Summoning              3
   e - Summon Lightning Spire         Summoning/Air                4
   f - Summon Ice Beast               Ice/Summoning                4
Comestibles
 c - 7 rations


   Skills:
 * Level 7.5 Fighting
 * Level 6.9(7.4) Polearms
 + Level 4.0(6.0) Staves
 + Level 4.5 Dodging
 + Level 4.3 Stealth
 * Level 6.1 Shields
 * Level 7.5 Spellcasting
 * Level 6.6 Hexes
 * Level 8.1 Charms
 + Level 4.1 Translocations
 * Level 5.9 Invocations
 + Level 3.0 Evocations


You had 18 spell levels left.
You knew the following spells:

 Your Spells              Type           Power        Failure   Level  Hunger
b - Shroud of Golubria    Chrm/Tloc      ####......   2%          2    None
c - Spectral Weapon       Hex/Chrm       #####...     3%          3    ##.....
d - Song of Slaying       Chrm           #####...     1%          2    None


Dungeon Overview and Level Annotations

Branches:
Dungeon (12/15)            Temple (1/1) D:6            Lair (0/6) D:9
    Orc (0/2) D:9

Altars:
Ashenzari
Cheibriados
Dithmenos
Elyvilon
Fedhas
Gozag
Hepliaklqana
Kikubaaqudgha
Makhleb
Nemelex Xobeh
Okawaru
Qazlal
Ru
Sif Muna
Trog
Uskayaw
Vehumet
Wu Jian
Xom
Yredelemnul
Zin
The Shining One
Beogh

Shops:
D:8 }

Annotations:
D:3 Coron's ghost, amateur DDGl


Innate Abilities, Weirdness & Mutations

You can breathe bolts of dispelling energy.
Your rich purple scales are hard. (AC +7)
You cannot fit into any form of body armour.
You are cold-blooded and may be slowed by cold attacks.
You are clumsy. (Dex -2)
Your flesh is heat resistant. (rF+)
Your spells are a little harder to cast, but a little more powerful.


Message History

Your spectral weapon hits the ice devil from afar.
You block the ice devil's attack.
You hit the ice devil.
The ice devil looks as sick as possible!
Your tail-slap misses the ice devil.
The ice devil is heavily wounded.
Your spectral weapon hits the ice devil but does no damage.
The ice devil looks as sick as possible!
The ice devil hits you. The ice devil freezes you!
You feel a terrible chill!
The crimson imp blinks!
You puncture the ice devil!
The ice devil looks as sick as possible!
The ice devil is severely wounded.
You are near starving!
Your spectral weapon hits the ice devil from afar.
The ice devil looks as sick as possible!
The ice devil hits you!
* * * LOW HITPOINT WARNING * * *
The ice devil freezes you!!
You feel a terrible chill!
You die...

####.###..##....
#...............
##.##.###..##.##.
#.(...# #........
#..#### #..##.##.
#..# #........ #
#..# #........
###5K#####..#
.........
..KOK44K4@()####
#..##.##.
...KK#####)#......
#( ###
.#####)#.###.#.. .
.................
..........###..#
....##......o.Y..
..# #.##.###..#Y .
#. .(. oo .. ..##


You could see a hellwing, an ice devil, a kobold demonologist, a red devil, a
big kobold, an ogre, a white imp, 4 kobolds and a friendly spectral trident of
venom.

Vanquished Creatures
  3 two-headed ogres
  2 cyclopes (D:11)
  Joseph (D:8)
  A centaur skeleton (D:10)
  2 gargoyles
  A troll (D:9)
  A queen bee (shapeshifter) (D:11)
  2 hippogriffs
  A wraith (D:11)
  13 yaks
  4 wyverns
  2 hungry ghosts
  2 wargs (D:9)
  Edmund (D:6)
  A soldier ant (D:12)
  A water moccasin (D:6)
  4 ice beasts
  A phantom (D:5)
  5 orc warriors
  3 sky beasts
  An eye of draining (D:12)
  A wolf (D:8)
  2 black bears (D:8)
  A necrophage (D:10)
  5 ogres
  8 centaurs
  A big kobold (D:7)
  4 bullfrogs
  2 gnoll sergeants
  A wyvern zombie (D:11)
  2 scorpions
  An electric eel (D:11)
  7 wights
  3 howler monkeys (D:7)
  A bullfrog zombie (D:11)
  A crimson imp (D:4)
  8 orc priests
  3 jellies
  8 hounds
  5 iguanas
  7 orc wizards
  13 worker ants
  A killer bee zombie (D:6)
  5 hound skeletons
  3 howler monkey skeletons
  11 gnolls
  11 adders
  4 shadow imps
  2 oozes
  An adder zombie (D:9)
  2 adder skeletons
  4 worms
  4 dart slugs
  5 leopard geckos
  50 orcs
  8 bats
  2 giant cockroaches
  4 goblins
  7 hobgoblins
  15 jackals
  12 kobolds
  2 quokkas
  A ball python (D:2)
  6 frilled lizards
  2 gnoll zombies (D:3)
  A jackal skeleton (D:7)
  10 rats
309 creatures vanquished.

Vanquished Creatures (others)
  A wolf (D:8)
  10 spectral weapons
11 creatures vanquished.

Grand Total: 320 creatures vanquished

Notes
Turn   | Place    | Note
-------+----------+-------------------------------------------
     0 | D:1      | xorpalm the Draconian Skald began the quest for the Orb.
     0 | D:1      | Reached XP level 1. HP: 17/17 MP: 3/3
     6 | D:1      | Noticed a water moccasin
     6 | D:1      | Noticed a crocodile
     6 | D:1      | Noticed a black bear
   456 | D:1      | Reached XP level 2. HP: 24/24 MP: 0/5
   540 | D:1      | Reached skill level 3 in Charms
  1582 | D:2      | Learned a level 2 spell: Shroud of Golubria
  1641 | D:2      | Found an opulent altar of Gozag.
  1684 | D:2      | HP: 1/25 [worm (10)]
  1687 | D:2      | Reached XP level 3. HP: 1/30 MP: 0/6
  2943 | D:2      | Reached XP level 4. HP: 35/37 MP: 7/7
  3367 | D:3      | Noticed Coron's ghost (amateur DDGl)
  3514 | D:2      | Learned a level 3 spell: Spectral Weapon
  3517 | D:2      | Learned a level 2 spell: Song of Slaying
  4566 | D:3      | Reached skill level 1 in Stealth
  4902 | D:3      | Found a basalt altar of Yredelemnul.
  5406 | D:4      | Reached XP level 5. HP: 41/44 MP: 3/9
  6210 | D:4      | Reached skill level 1 in Translocations
  6219 | D:4      | Reached XP level 6. HP: 6/51 MP: 6/10
  6667 | D:4      | Reached skill level 1 in Hexes
  6720 | D:4      | Reached skill level 1 in Shields
  6877 | D:5      | Entered Level 5 of the Dungeon
  7122 | D:5      | Gained mutation: You are clumsy. (Dex -2) [potion of mutation]
  7122 | D:5      | Gained mutation: Your flesh is heat resistant. (rF+) [potion of mutation]
  7122 | D:5      | Gained mutation: Your spells are a little harder to cast, but a little more powerful. [potion of mutation]
  7126 | D:5      | HP: 3/76 [gnoll sergeant/spear of piercing (1)]
  7131 | D:5      | HP: 3/76 [gnoll sergeant/spear of piercing (1)]
  7133 | D:5      | Reached skill level 4 in Charms
  7135 | D:5      | Your scales start taking on a rich purple colour.
  7135 | D:5      | Reached XP level 7. HP: 2/57 MP: 7/12
  7640 | D:5      | Reached skill level 5 in Charms
  7919 | D:5      | Found a sparkling altar of Nemelex Xobeh.
  7920 | D:5      | Found a white marble altar of Elyvilon.
  7920 | D:5      | Found a glowing silver altar of Zin.
  7922 | D:5      | Found a shadowy altar of Dithmenos.
  8351 | D:6      | Reached skill level 1 in Staves
  8603 | D:6      | Found a staircase to the Ecumenical Temple.
  8859 | Temple   | Entered the Ecumenical Temple
  9126 | Temple   | Became a worshipper of the Shining One
  9151 | Temple   | Reached XP level 8. HP: 53/66 MP: 10/14
  9357 | D:6      | Noticed Prince Ribbit
  9367 | D:6      | The Shining One protects you from harm!
  9377 | D:6      | Noticed Prince Ribbit
  9377 | D:6      | Prince Ribbit changed into Prince Ribbit the yak
 10043 | D:6      | Reached skill level 1 in Invocations
 10167 | D:6      | Found a deep blue altar of Sif Muna.
 10258 | D:6      | Killed Prince Ribbit the yak
 10448 | D:6      | Noticed Edmund
 11210 | D:6      | Killed Edmund
 11210 | D:6      | Reached skill level 5 in Spellcasting
 11667 | D:7      | Reached skill level 6 in Charms
 11667 | D:7      | Reached XP level 9. HP: 57/73 MP: 8/16
 11678 | D:7      | Reached skill level 5 in Fighting
 12108 | D:7      | Reached skill level 5 in Polearms
 12196 | D:7      | Found a burning altar of Makhleb.
 12644 | D:8      | Reached * piety under the Shining One
 12652 | D:8      | Noticed Joseph
 12662 | D:8      | Killed Joseph
 12669 | D:8      | Found a bloodstained altar of Trog.
 13280 | D:8      | Reached XP level 10. HP: 18/83 MP: 16/19
 13729 | D:8      | Noticed a two-headed ogre
 14194 | D:8      | Reached skill level 5 in Hexes
 14292 | D:8      | Noticed a two-headed ogre
 14533 | D:8      | Killed a two-headed ogre
 14533 | D:8      | Reached skill level 7 in Charms
 15067 | D:8      | Noticed Grum
 15069 | D:8      | Noticed Grum
 15069 | D:8      | Grum changed into Grum the ooze
 15074 | D:8      | Killed Grum the ooze
 15087 | D:8      | Found Hevymix's Gadget Shoppe.
 15299 | D:9      | Found a staircase to the Orcish Mines.
 15423 | D:9      | Found a roughly hewn altar of Beogh.
 15431 | D:9      | Reached skill level 5 in Shields
 15456 | D:9      | Reached skill level 1 in Evocations
 16127 | D:9      | Found a sparkling altar of Nemelex Xobeh.
 16159 | D:9      | Found a staircase to the Lair.
 16667 | D:9      | Reached ** piety under the Shining One
 16737 | D:10     | Entered Level 10 of the Dungeon
 17666 | D:10     | Reached XP level 11. HP: 91/91 MP: 18/21
 17823 | D:10     | Noticed a two-headed ogre
 17829 | D:10     | Killed a two-headed ogre
 17829 | D:10     | Reached skill level 5 in Invocations
 18191 | D:11     | Killed a two-headed ogre
 20152 | D:11     | Reached *** piety under the Shining One
 21104 | D:11     | Noticed a cyan ugly thing
 21226 | D:12     | Reached skill level 8 in Charms
 21511 | D:12     | Demolished by an ice devil

Skill      XL: |  1  2  3  4  5  6  7  8  9 10 11 |
---------------+----------------------------------+-----
Charms         | 3 4 5 6 7 8 |  8.1
Stealth        | 1 2 3 4 |  4.3
Polearms       | 3 4 5 6 |  6.9
Fighting       | 3 4 5 6 7 |  7.5
Translocations | 1 2 3 4 |  4.1
Hexes          | 1 2 3 4 5 6 |  6.6
Shields        | 1 2 3 4 5 6 |  6.1
Spellcasting   | 3 4 5 6 7 |  7.5
Staves         | 1 2 3 4 |  4.0
Dodging        | 3 4 |  4.5
Invocations    | 2 3 4 5 |  5.9
Evocations     | 1 3 |  3.0

Action                   |  1- 3 |  4- 6 |  7- 9 | 10-12 || total
-------------------------+-------+-------+-------+-------++-------
Melee: Spear             |   159 |   160 |    98 |       ||   417
       Tailslap          |     8 |    23 |    24 |    41 ||    96
       Quarterstaff      |       |    48 |   124 |       ||   172
       Trident           |       |       |    65 |   405 ||   470
Throw: Javelin           |       |       |     2 |       ||     2
 Cast: Infusion          |    14 |       |       |       ||    14
       Shroud of Golubri |     8 |     8 |     6 |    14 ||    36
       Spectral Weapon   |       |    23 |    42 |    61 ||   126
       Song of Slaying   |       |       |     4 |     8 ||    12
 Abil: Breathe Dispellin |       |       |       |     2 ||     2
Evoke: Wand              |       |       |     1 |     7 ||     8
  Use: Scroll            |       |     6 |     2 |    13 ||    21
       Potion            |       |     8 |     3 |     3 ||    14
 Stab: Distracted        |       |     1 |       |       ||     1
  Eat: Chunk             |     3 |    10 |    11 |     8 ||    32
       Ration            |     1 |     2 |     4 |     6 ||    13
Armor: Skin              |    29 |    76 |    96 |    60 ||   261
Dodge: Dodged            |    64 |   112 |   171 |   187 ||   534
Block: Buckler           |       |       |       |   110 ||   110
